 Dungeon Crawl Stone Soup version 0.28-a0-479-g5baa6b73be (webtiles) character file.

Game seed: 1536873045453494670

352 Dabor the Sneak (level 6, -1/28 HPs)
             Began as a Spriggan Earth Elementalist on Sept 19, 2021.
             Was a Believer of Ru.
             Succumbed to a scorpion's poison
             ... on level 4 of the Dungeon.
             The game lasted 00:08:36 (3972 turns).

Dabor the Sneak (Spriggan Earth Elementalist)       Turns: 3972, Time: 00:08:36

Health: -1/28      AC:  2    Str:  4    XL:     6   Next: 35%
Magic:  10/13      EV: 18    Int: 19    God:    Ru [**....]
Gold:   116        SH:  0    Dex: 15    Spells: 9/13 levels left

rFire   . . .      SeeInvis +   p - +2 trident (holy)
rCold   . . .      Faith    .   (shield currently unavailable)
rNeg    . . .      Spirit   .   b - +0 robe
rPois   .          Reflect  .   (helmet restricted)
rElec   .          Harm     +   e - scarf {harm}
rCorr   .          Rampage  .   (gloves unavailable)
Will    +....                   (boots unavailable)
Stlth   +++.......              (no amulet)
HPRegen 0.09/turn               (no ring)
MPRegen 0.13/turn               (no ring)

@: lethally poisoned (-1 -> -9), attractive, very quick
A: very small, no large weapons, unfitting armour, see invisible, speed 3,
inability to train armour, no fire magic, no necromancy magic, no transmutations
magic, mutation resistance 1
a: Renounce Religion


You were on level 4 of the Dungeon.
You worshipped Ru.
Ru was pleased with you.
You visited 1 branch of the dungeon, and saw 4 of its levels.

You collected 116 gold pieces.

Inventory:

Hand Weapons
 f - a +2 whip of flaming
 p - a +2 trident of holy wrath (weapon)
Missiles
 a - 37 poisoned darts (quivered)
 c - 81 stones
Armour
 b - a +0 robe (worn)
 e - a scarf of harm (worn)
Scrolls
 g - 2 scrolls of noise {unknown}
 h - a scroll of teleportation {unknown}
 k - a scroll of brand weapon {unknown}
 m - a scroll of identify {unknown}
Potions
 d - a potion of mutation
 l - a potion of ambrosia {unknown}
 n - a potion of might {unknown}
 o - a potion of heal wounds {unknown}


   Skills:
 + Level 4.1 Dodging
 + Level 4.9 Stealth
 + Level 4.1 Spellcasting
 + Level 1.3 Conjurations
   Level 0.0 Transmutations
 * Level 4.2 Earth Magic


You had 9 spell levels left.
You knew the following spells:

 Your Spells              Type           Power      Damage    Failure   Level
a - Sandblast             Erth           40%        2d10      2%          1
b - Stone Arrow           Conj/Erth      28%        3d8       13%         3

Your spell library contained the following spells:

 Spells                   Type           Power      Damage    Failure   Level
 Passwall                 Tmut/Erth      Unusable   N/A       N/A         2
 Petrify                  Tmut/Erth      Unusable   N/A       N/A         4

Dungeon Overview and Level Annotations

Branches:
Dungeon (4/15)
 Temple: D:4-7

Altars:
Ru


Innate Abilities, Weirdness & Mutations

You are very small and have problems with some larger weapons.
You are too small for most types of armour.
You have supernaturally acute eyesight. (SInv)
You cover ground extremely quickly. (Speed+++)
You cannot train Armour skill.
You cannot study or cast Fire magic.
You cannot study or cast Necromancy magic.
You cannot study or cast Transmutations magic.
You are somewhat resistant to further mutation.


Message History

The scorpion is almost dead.
c - 83 stones You feel very sick.
The scorpion misses you.
Casting: Sandblast (safe; 2% risk of failure)
Confirm with . or Enter, or press ? or * to list all spells.
Aiming: Sandblast (safe; 2% risk of failure)
Press: ? - help, Shift-Dir - straight line, f/p - scorpion
Aim: a scorpion (almost dead, 79% to hit)
The blast of sand hits the scorpion but does no damage.
The scorpion is almost dead.
c - 82 stones You feel sick.
The scorpion stings you.
You are lethally poisoned!
The scorpion poisons you!
Casting: Sandblast (safe; 2% risk of failure)
Confirm with . or Enter, or press ? or * to list all spells.
Aiming: Sandblast (safe; 2% risk of failure)
Press: ? - help, Shift-Dir - straight line, f/p - scorpion
Aim: a scorpion (almost dead, 79% to hit)
The blast of sand hits the scorpion!
You kill the scorpion!
c - 81 stones
* * * LOW HITPOINT WARNING * * *
You feel very sick.
Okay, then.
Okay, then.
It was a potion of mutation.
You feel extremely strange.
You feel the urge to shout.
Your urge to shout disappears.
You feel genetically stable.
* * * LOW HITPOINT WARNING * * *
You feel very sick.
It was a potion of attraction.
You feel attractive to monsters.
* * * LOW HITPOINT WARNING * * *
You feel sick.
It was a potion of cancellation.
Your magical effects are unravelling.
You feel magically purged.
You die...

≈#.####+## ♣###
#.....# #♣# #.....#
P# # #.....# ♣≈# .#
#.....# ≈# .##.
#.....# '##.....
###.....# ....###
#.......# .##.#.#
#...@...#
..#.#.#######.#.#####
..#.#.....#.....#
..#.#.###.#####.#
..#.#'#.........#
..#.........#####
..#.........#
.....>...†..#
..##........##


There were no monsters in sight!

Vanquished Creatures
  Sigmund (D:3)
  A scorpion (D:4)
  A centaur zombie (D:3)
  An orc wizard (D:4)
  An adder (D:4)
  A worm (D:2)
  4 dart slugs
  5 orcs
  5 ball pythons
  6 endoplasms
  4 goblins
  4 hobgoblins
  6 jackals (D:1)
  4 kobolds
  A quokka (D:4)
  4 bats
  3 frilled lizards
  3 rats (D:2)
55 creatures vanquished.

Vanquished Creatures (others)
  An adder (D:4)
1 creature vanquished.

Grand Total: 56 creatures vanquished

Notes
Turn   | Place    | Note
-------+----------+-------------------------------------------
     0 | D:1      | Dabor the Spriggan Earth Elementalist began the quest for
                  | the Orb.
     0 | D:1      | Reached XP level 1. HP: 9/9 MP: 5/5
     8 | D:1      | Found a faded altar of an unknown god.
    21 | D:1      | Became a worshipper of Ru the Awakened
    28 | D:1      | Gained mutation: You cannot train Armour skill. [Ru
                  | sacrifice]
    28 | D:1      | Reached * piety under Ru
   188 | D:1      | Reached XP level 2. HP: 13/13 MP: 0/6
  1360 | D:2      | Reached XP level 3. HP: 16/16 MP: 8/8
  1941 | D:2      | Learned a level 3 spell: Stone Arrow
  2493 | D:3      | Noticed Sigmund
  2510 | D:3      | Killed Sigmund
  2511 | D:3      | Reached skill level 1 in Conjurations
  2511 | D:3      | Reached XP level 4. HP: 3/21 MP: 6/10
  2511 | D:3      | Reached XP level 5. HP: 3/24 MP: 6/11
  3434 | D:3      | Gained mutation: You cannot study or cast Fire magic. [Ru
                  | sacrifice]
  3434 | D:3      | Gained mutation: You cannot study or cast Transmutations
                  | magic. [Ru sacrifice]
  3434 | D:3      | Gained mutation: You cannot study or cast Necromancy magic.
                  | [Ru sacrifice]
  3434 | D:3      | Reached ** piety under Ru
  3691 | D:4      | Reached XP level 6. HP: 17/28 MP: 4/12
  3970 | D:4      | Gained mutation: You occasionally shout uncontrollably at
                  | your foes. [potion of mutation]
  3970 | D:4      | Lost mutation: You occasionally shout uncontrollably at
                  | your foes. [potion of mutation]
  3970 | D:4      | Gained mutation: You are somewhat resistant to further
                  | mutation. [potion of mutation]
  3971 | D:4      | HP: 1/28 [poisoned by a scorpion]
  3972 | D:4      | Succumbed to a scorpion's poison

Illustrated notes

Levels and vault maps discovered:
D:1:      lightli_iron_boxes, layout_loops_ring,
          hellmonk_ecumenical_altar_zigzags, minmay_hexomino_u4
D:2:      layout_loops_cross
D:3:      layout_loops_cross, uniq_sigmund
D:4:      minmay_chambers_of_twos, layout_basic, saegor_snake_ambush,
          uniq_blork_the_orc

Skill      XL: |  1  2  3  4  5  6 |
---------------+-------------------+-----
Dodging        | 3 4 |  4.1
Spellcasting   | 3 4 |  4.1
Earth Magic    | 3 4 |  4.2
Transmutations | 2 0 |  0.0
Stealth        | 4 |  4.9
Conjurations   | 1 |  1.3

Action                   |  1- 3 |  4- 6 || total
-------------------------+-------+-------++-------
Melee: Unarmed           |    19 |       ||    19
       Whip              |    56 |    20 ||    76
       Trident           |       |    27 ||    27
Throw: Dart              |    47 |     1 ||    48
       Stone             |     1 |       ||     1
 Cast: Sandblast         |    14 |    14 ||    28
       Stone Arrow       |     1 |       ||     1
Invok: Sacrifice Durabil |     1 |       ||     1
       Sacrifice Arcana  |       |     1 ||     1
  Use: Potion            |       |     3 ||     3
 Stab: Sleeping          |     8 |     7 ||    15
Armor: Robe              |    11 |     7 ||    18
Dodge: Dodged            |    71 |    51 ||   122

Table legend: (Time is in decaauts)
 A = Elapsed time spent in this place.
 B = Non-inter-level travel time spent in this place.
 C = Inter-level travel time spent in this place.
 D = Time resting spent in this place.
 E = Time spent auto-exploring this place.
 F = Levels seen in this place.
 G = Mean time per level.
                   A        B        C        D        E       F      G
               +--------+--------+--------+--------+--------+-----+--------+
         Total |   3223 |   3117 |    106 |    149 |   2556 |   4 |  805.8 |
       Dungeon |   3223 |   3117 |    106 |    149 |   2556 |   4 |  805.8 |
               +--------+--------+--------+--------+--------+-----+--------+

Top non-repeatable levels by time:
     D:3: 1202 daAuts
     D:1: 960 daAuts
     D:2: 771 daAuts
     D:4: 289 daAuts
